 Dungeon Crawl Stone Soup version 0.18-a0-824-g47fe746 (webtiles) character file.

48 JokEr the Insei (level 3, -2/24 HPs)
             Began as an Octopode Transmuter on Dec 17, 2015.
             Slain by a gnoll
             ... wielding a +0 halberd
              (7 damage)
             ... on level 2 of the Dungeon.
             The game lasted 00:03:07 (2322 turns).

JokEr the Insei (Octopode Transmuter)               Turns: 2322, Time: 00:03:07

Health: -2/24      AC:  1    Str:  9    XL:     3   Next: 72%
Magic:  5/6        EV: 12    Int: 16    God:
Gold:   105        SH:  0    Dex: 12    Spells: 1 memorised, 5 levels left

rFire  . . .     SeeInvis .       - Unarmed
rCold  . . .     Gourm    .     (no shield)
rNeg   . . .     Faith    .     (helmet restricted)
rPois  .         Spirit   .     (no amulet)
rElec  .         Dismiss  .     (no ring)
rCorr  .         Reflect  .     (no ring)
SustAt .         Harm     .     (no ring)
MR     .....                    (no ring)
Stlth  ++........               (no ring)
                                (no ring)
                                (no ring)
                                (no ring)

@: appendage (expiring), not resistant to hostile enchantments, unstealthy
A: almost no armour, amphibious, 8 rings, constrict 8, tentacle spike 3,
camouflage 1, gelatinous body 1
a: End Transformation


You were on level 2 of the Dungeon.
You were not hungry.
One of your tentacles had a temporary spike.
You visited 1 branch of the dungeon, and saw 2 of its levels.

You collected 105 gold pieces.

Inventory:

Missiles
 a - 12 arrows
Jewellery
 g - a +4 ring of protection {unknown}
Potions
 d - a potion of ambrosia {unknown}
 e - a potion of resistance
 h - 2 potions of mutation {unknown}
 j - a potion of agility {unknown}
Books
 b - a book of Changes

   Spells                             Type                      Level
   a - Beastly Appendage              Transmutation                1
   b - Sticks to Snakes               Transmutation                2
   c - Spider Form                    Transmutation/Poison         3
   d - Ice Form                       Ice/Transmutation            4
   e - Blade Hands                    Transmutation                5
Comestibles
 c - a bread ration
 f - 3 meat rations


   Skills:
 + Level 2.0 Fighting
 - Level 2.0 Dodging
 + Level 3.7 Unarmed Combat
 - Level 2.0 Spellcasting
 + Level 2.6 Transmutations


You had 5 spell levels left.
You knew the following spells:

 Your Spells              Type           Power        Failure   Level  Hunger
a - Beastly Appendage     Trmt           ##....       10%         1    #......


Dungeon Overview and Level Annotations

Branches:
Dungeon (2/15)

Altars:


Innate Abilities, Weirdness & Mutations

You cannot wear most types of armour.
You are amphibious.
You can wear up to eight rings at the same time.
You can use your tentacles to constrict eight enemies at once.
Your skin changes colour to match your surroundings (Stealth).
Your rubbery body absorbs attacks (AC +1).
One of your tentacles bears a large vicious spike.


Message History

Casting: Beastly Appendage
Confirm with . or Enter, or press ? or * to list all spells.
One of your tentacles grows a vicious spike.
Your transformation is almost over.
The gnoll misses you.
You barely miss the gnoll. You grab the gnoll.
You pierce the gnoll, but do no damage.
You constrict the gnoll. The gnoll hits you with a halberd!!
Ouch! That really hurt!
* * * LOW HITPOINT WARNING * * *
A rat comes into view.
You tentacle-slap the gnoll.
You squeeze the gnoll, but do no damage.
The gnoll is lightly wounded.
You constrict the gnoll, but do no damage.
The gnoll misses you.
You tentacle-slap the gnoll. x2
The gnoll is moderately wounded.
You constrict the gnoll. The gnoll hits you with a halberd!
You die...

. #........ #...#..... ..
........# #...#..... .#.
#...g.# #......... ... ...#.#
#......... .. #..#.#
#####......... .#.##.##..#.#
.............. .........@#.#
####...##.#.(
.####...#r..##########......#..
#...#.(ggg@..).............
#...#...######....#.###.#..
#.###...# #....+........ #.
#...# #....#.###.#.. #. .....#
######......รท) #.......#
###.##..... #.......#
#.......... #.......#
#........... ######..#
#...........


You could see Sigmund (wandering), 3 gnolls and a rat.

Vanquished Creatures
  A gnoll (D:2)
  A worm (D:2)
  A giant cockroach (D:1)
  6 goblins
  8 hobgoblins
  A quokka (D:2)
  2 bats (D:1)
  6 giant newts
  3 kobolds (D:1)
  6 rats
35 creatures vanquished.

Notes
Turn   | Place    | Note
--------------------------------------------------------------
     0 | D:1      | JokEr the Octopode Transmuter began the quest for the Orb.
     0 | D:1      | Reached XP level 1. HP: 13/13 MP: 3/3
   738 | D:1      | Reached XP level 2. HP: 18/18 MP: 5/5
  1492 | D:1      | Reached XP level 3. HP: 19/23 MP: 6/6
  2322 | D:2      | Slain by a gnoll

Vault maps used:
D:1:      roderic_chinese_lattice_arrival
D:2:      nicolae_overflow_hidden_temple, ecumenical_altar_2, uniq_sigmund

Action                   || total
-------------------------++-------
Melee: Unarmed           ||    82
 Cast: Beastly Appendage ||    11
  Use: Scroll            ||     4
 Stab: Sleeping          ||     5
  Eat: Chunk             ||     3
       Bread ration      ||     1
